cohdb
Replays
Latest Replays
All Replays
Popular Replays
Top Player Replays
Match Explorer
How It Works
Community
CoH3 Stats
Reddit
Sign in to upload your games and track your stats! →
Sign in with Steam
Match 45543383
Unlisted
Match 45543383
Overview
Messages
Build Orders
End
Construct Infanterie Kompanie
Grenadier Squad
Grenadier Squad
Grenadier Squad
MG 42 Machine Gun Team
Infanterie Officer Quarters
GrW 34 Mortar Team
Selects Luftwaffe Battlegroup
Selects Reconnaissance Run
Selects Luftwaffe Pioneer Support
Construct Luftwaffe Kompanie
Selects Fallschirmjäger Squad Paradrop
Fallschirmjäger Squad Paradrop
221 Scout Car
Selects LG40 Recoilless Gun Paradrop
Reconnaissance Run
LG40 Recoilless Gun Paradrop
MG 42 Machine Gun Team
Luftwaffe Officer Quarters
Jäger Squad
Construct Panzer Kompanie
Selects Fragmentation Bombs
Fragmentation Bombs
Reconnaissance Run
MadMax
Mergus merganser
0
0
Comments
sign in to comment!
No comments posted yet!